 Dungeon Crawl Stone Soup version 0.22.0-36-g8e74550 (webtiles) character file.

47582 Monsterracer the Severer (level 14, 0/127 HPs)
             Began as a Minotaur Fighter on Aug 24, 2018.
             Was a High Priest of Makhleb.
             Killed from afar by a nagaraja (14 damage)
             ... with an orb of energy
             ... on level 4 of the Snake Pit.
             The game lasted 00:10:35 (11844 turns).

Monsterracer the Severer (Minotaur Fighter)        Turns: 11844, Time: 00:10:36

Health: 0/127      AC: 30    Str: 26    XL:     14   Next: 9%
Magic:  20/20      EV:  8    Int:  5    God:    Makhleb [*****.]
Gold:   159        SH: 20    Dex: 15    Spells: 13/13 levels left

rFire    x . .     SeeInvis +   a - +3 war axe (freeze)
rCold    . . .     Gourm    .   f - +2 shield
rNeg     . . .     Faith    .   C - +6 chain mail of the Ten Spreadsheets {rF- rCorr Str+2 SInv}
rPois    .         Spirit   .   (helmet restricted)
rElec    .         Reflect  +   y - +2 cloak
rCorr    +         Harm     .   D - +2 pair of gloves {Dex+3}
MR       ++...                  G - +0 pair of boots
Stlth    ..........             B - +4 amulet of reflection
HPRegen  0.31/turn              z - +3 ring of protection
MPRegen  0.17/turn              r - ring of protection from magic

@: lethally poisoned (0 -> -33)
A: retaliatory headbutt, horns 2
a: Minor Destruction, Lesser Servant of Makhleb, Major Destruction, Greater
Servant of Makhleb, Renounce Religion


You were on level 4 of the Snake Pit.
You worshipped Makhleb.
Makhleb was extremely pleased with you.
You were not hungry.

You visited 5 branches of the dungeon, and saw 19 of its levels.

You collected 1143 gold pieces.
You spent 984 gold pieces at shops.

Inventory:

Hand Weapons
 a - a +3 war axe of freezing (weapon)
 b - a +2 flail of crushing
Missiles
 w - a throwing net (quivered)
Armour
 f - a +2 shield (worn)
 i - a +0 scale mail
 y - a +2 cloak (worn)
 C - the +6 chain mail of the Ten Spreadsheets (worn) {rF- rCorr Str+2 SInv}
   (You bought it in a shop on level 8 of the Dungeon)

   It affects your strength (+2).
   It makes you vulnerable to fire.
   It lets you see invisible.
   It provides partial protection from all sources of acid and corrosion.
 D - a +2 pair of gloves of dexterity (worn)
 G - a +0 pair of boots (worn)
Jewellery
 j - an uncursed ring of resist corrosion
 r - a ring of protection from magic (right hand)
 z - a +3 ring of protection (left hand)
 B - a +4 amulet of reflection (around neck)
Wands
 A - a wand of acid (8)
 F - a wand of clouds (5)
 K - a wand of digging (10)
Scrolls
 l - 3 scrolls of fear
 m - 6 scrolls of remove curse
 p - 4 scrolls of amnesia
 q - 2 scrolls of enchant weapon
 t - 4 scrolls of teleportation
 v - 4 scrolls of magic mapping
 x - 2 scrolls of identify
 E - 2 scrolls of blinking
Potions
 d - 6 potions of might
 e - a potion of agility
 g - 6 potions of curing
 k - 3 potions of cancellation
 n - a potion of haste
 o - 2 potions of lignification
 s - 2 potions of resistance
 u - 3 potions of flight
 H - a potion of mutation
 I - a potion of brilliance
 J - 2 potions of invisibility {unknown}
Comestibles
 c - 20 rations


   Skills:
 + Level 12.5 Fighting
 - Level 16.0 Axes
 + Level 12.6 Armour
 + Level 12.5 Shields
 + Level 10.2 Invocations
 - Level 3.0 Evocations


You had 13 spell levels left.
You didn't know any spells.
Your spell library was empty.

Dungeon Overview and Level Annotations

Branches:
Dungeon (11/15)            Temple (1/1) D:4            Lair (2/6) D:8
 Shoals (0/4) Lair:2        Snake (4/4) Lair:2          Orc (1/2) D:11

Altars:
Ashenzari
Cheibriados
Dithmenos
Elyvilon
Fedhas
Gozag
Hepliaklqana
Makhleb
Ru
Uskayaw
Vehumet
Wu Jian
Xom
Zin

Shops:
D:5 ?   D:8 [   D:10 *?[


Innate Abilities, Weirdness & Mutations

You reflexively headbutt those who attack you in melee.
You have a pair of horns on your head.


Message History

The splash of poison hits you!
You are more poisoned.
The nagaraja gestures at you while chanting.
The bolt of poison hits you!
You are more poisoned.
A nagaraja comes into view. It is wielding a spear.
You take 17 damage, and have 103/127 hp.
You closely miss the nagaraja. You headbutt the nagaraja!
The nagaraja is moderately wounded.
You feel sick. You block the nagaraja's attack.
The naga sharpshooter shoots an arrow.
The arrow hits you. The nagaraja spits poison at you.
The splash of poison hits you!
You are more poisoned.
You take 24 damage, and have 79/127 hp.
You slash the nagaraja! You freeze the nagaraja. You headbutt the nagaraja.
The nagaraja is heavily wounded.
You feel sick.
The nagaraja hits you but does no damage.
The nagaraja gestures wildly while chanting.
The nagaraja seems to speed up.
The naga sharpshooter shoots an arrow.
You reflect the arrow off an invisible shield around you!
The arrow hits the naga sharpshooter!!
You take 2 damage, and have 77/127 hp.
You feel very sick.
The nagaraja points at you and mumbles some strange words.
The bolt of poison hits you!
You are more poisoned.
The naga sharpshooter mumbles some strange words.
The naga sharpshooter magically shoots an arrow.
The arrow hits you but does no damage.
You see here an arrow.
You take 3 damage, and have 74/127 hp.
You feel very sick. The nagaraja spits poison at you.
The splash of poison reflects off an invisible shield around you!
The splash of poison hits the nagaraja.
The nagaraja appears unharmed.
You take 3 damage, and have 71/127 hp.
You feel very sick.
You take 3 damage, and have 68/127 hp.
You feel very sick. The nagaraja spits poison at you.
The splash of poison hits you!
You are more poisoned.
You take 5 damage, and have 63/127 hp.
You feel very sick.
You take 4 damage, and have 59/127 hp.
You feel very sick.
You take 2 damage, and have 57/127 hp.
You feel very sick.
You take 3 damage, and have 54/127 hp.
You feel very sick.
You take 3 damage, and have 51/127 hp.
You feel very sick. The nagaraja spits poison at you.
The splash of poison hits you!
You are more poisoned.
The nagaraja gestures at you while chanting.
You easily resist.
You take 2 damage, and have 49/127 hp.
You feel very sick.
You take 3 damage, and have 46/127 hp.
You feel very sick.
You take 3 damage, and have 43/127 hp.
You feel very sick.
You take 3 damage, and have 40/127 hp.
You feel sick.
You take 1 damage, and have 39/127 hp.
You feel very sick. The nagaraja spits poison at you.
The splash of poison hits you!
You are more poisoned.
You take 3 damage, and have 36/127 hp.
You feel very sick.
You take 3 damage, and have 33/127 hp.
You feel very sick. The nagaraja spits poison at you.
The splash of poison hits you!
You are lethally poisoned!
* * * LOW HITPOINT WARNING * * *
You take 7 damage, and have 26/127 hp.
* * * LOW HITPOINT WARNING * * *
You feel very sick.
You hear a blaring wail to the north.
You hear a shout! x19
You hear an angry hiss.
You hear a shout! x15
You take 3 damage, and have 23/127 hp.
* * * LOW HITPOINT WARNING * * *
You feel very sick. The nagaraja spits poison at you.
The splash of poison hits you!
You are more poisoned.
You take 4 damage, and have 19/127 hp.
* * * LOW HITPOINT WARNING * * *
You feel very sick.
You take 2 damage, and have 17/127 hp.
* * * LOW HITPOINT WARNING * * *
You feel very sick.
The nagaraja gestures at you while chanting.
The orb of energy hits you!
You die...

,,,**,,***,,,*#..#
**,,,,,,,,,,**
,,**,,,,,*,,,*#N.#
*,,***,,,,,,,
,**,,,,,,**,,,#N##
**,,***,,,,,, ,**,,,,,,,*,,,#.#
*,,* **,,,,, ,**,,,,,,,*,,,#.#
**,* *,,,,, ,,**,,,,,,*,,,#.#
*,** *,,,,, ,,,***,,,,*,,,#.##
*,,* *,,,,, ,,,,,,,,,**,,,#..##
**,** *,,,,,
,,,,,,,,**,,,##.@.####..*
*,,*,,
**,,,,***,,,,#..........*
*,,**,
,******,,,,,*#..........*
*,,***
,,,,,,,,,,,**#.##....###* *,,*
,,,,,,,,,*** #........## *,,*
*,,,,,,*** ##..⌠......## *,,*
*********####.....).....## *,,*
,,,,,,,,........<.)).....#**,,*
,,,,,,,,.........†........,,,,*


You could see 2 nagarajas.

Vanquished Creatures
  A nagaraja (Snake:3)
  Azrael (Snake:1)
  Josephine (D:10)
  Harold (D:8)
  3 naga warriors
  A hydra (D:10)
  Erica (D:10)
  2 anacondas
  A two-headed ogre (D:9)
  2 shock serpents (Snake:1)
  4 naga sharpshooters
  A salamander mystic (Snake:4)
  4 naga ritualists
  2 ugly things (D:11)
  5 mana vipers
  4 salamanders
  A cyclops (D:11)
  Maurice (D:8)
  15 black mambas
  Psyche (D:10)
  A guardian serpent (Snake:2)
  Joseph (D:8)
  2 naga magi
  2 spiny frogs (Lair:2)
  A rime drake (Lair:2)
  A komodo dragon (Lair:2)
  A polar bear (Lair:2)
  Grinder (D:5)
  A hornet (D:10)
  4 hippogriffs
  A snapping turtle (Lair:2)
  A wyvern (D:11)
  4 wraiths (D:10)
  A basilisk (D:8)
  2 fire elementals (Snake:1)
  20 yaks
  A soldier ant (D:11)
  18 nagas
  2 hell hounds (Snake:1)
  2 water moccasins
  A porcupine (Lair:1)
  2 ice beasts
  2 orc warriors (Orc:1)
  A sky beast (D:6)
  A phantom (D:10)
  6 ogres
  5 wolves (Lair:1)
  9 centaurs
  4 crocodiles
  3 big kobolds
  3 bullfrogs
  2 scorpions
  3 wights (D:6)
  16 killer bees (D:9)
  4 electric eels (Lair:2)
  2 howler monkeys
  4 crimson imps
  4 hounds
  A jelly (D:8)
  A gnoll shaman (D:7)
  5 orc priests
  6 orc wizards
  2 bullfrog skeletons (D:10)
  A centaur skeleton (D:10)
  4 iguanas
  8 worker ants
  A hound zombie (D:10)
  A howler monkey zombie (D:10)
  A worker ant zombie (D:5)
  8 gnolls
  5 adders
  5 shadow imps
  An adder zombie (D:8)
  3 worms
  3 adder skeletons
  5 leopard geckos
  37 orcs
  5 bats
  3 giant cockroaches
  4 goblins
  5 hobgoblins
  4 jackals (D:4)
  3 quokkas
  A ball python (D:4)
  3 frilled lizards
  10 kobolds
  A leopard gecko skeleton (D:4)
  A quokka skeleton (D:5)
  7 rats
336 creatures vanquished.

Vanquished Creatures (others)
  4 naga sharpshooters
  A kobold (D:9)
  2 plants
7 creatures vanquished.

Grand Total: 343 creatures vanquished

Notes
Turn   | Place    | Note
-------+----------+-------------------------------------------
     0 | D:1      | Monsterracer the Minotaur Fighter began the quest for the Orb.
     0 | D:1      | Reached XP level 1. HP: 19/19 MP: 0/0
   161 | D:1      | Reached XP level 2. HP: 27/27 MP: 1/1
   346 | D:1      | Reached skill level 3 in Axes
   718 | D:2      | Reached XP level 3. HP: 32/33 MP: 2/2
  1214 | D:3      | Reached XP level 4. HP: 39/40 MP: 1/3
  1319 | D:4      | Reached skill level 4 in Axes
  1351 | D:4      | Found a staircase to the Ecumenical Temple.
  1364 | Temple   | Entered the Ecumenical Temple
  1411 | Temple   | Became a worshipper of Makhleb the Destroyer
  1530 | D:4      | Reached XP level 5. HP: 41/47 MP: 4/4
  1702 | D:4      | Found a hazy altar of Hepliaklqana.
  1715 | D:5      | Entered Level 5 of the Dungeon
  1739 | D:5      | Reached skill level 1 in Invocations
  1758 | D:5      | Noticed Grinder
  1762 | D:5      | Paralysed by Grinder for 4 turns
  1782 | D:5      | Killed Grinder
  1782 | D:5      | Reached skill level 5 in Fighting
  1782 | D:5      | Reached skill level 5 in Axes
  1782 | D:5      | Reached skill level 5 in Shields
  1782 | D:5      | Reached XP level 6. HP: 17/56 MP: 4/6
  2063 | D:5      | Noticed a water moccasin
  2068 | D:5      | Reached skill level 5 in Armour
  2072 | D:5      | Killed a water moccasin
  2072 | D:5      | Reached XP level 7. HP: 61/61 MP: 7/7
  2116 | D:5      | Reached skill level 6 in Axes
  2222 | D:5      | Reached * piety under Makhleb
  2228 | D:5      | Found Xyheocuo's Magic Scroll Boutique.
  2236 | D:5      | Bought a scroll of teleportation for 33 gold pieces
  2236 | D:5      | Bought a scroll of magic mapping for 38 gold pieces
  2449 | D:5      | Reached skill level 7 in Axes
  2449 | D:5      | Reached XP level 8. HP: 66/70 MP: 9/9
  2720 | D:6      | Reached skill level 8 in Axes
  2905 | D:7      | Found an ornate altar of the Wu Jian Council.
  2963 | D:8      | Noticed Maurice
  2971 | D:8      | Reached ** piety under Makhleb
  2974 | D:8      | Killed Maurice
  2974 | D:8      | Reached skill level 1 in Evocations
  2974 | D:8      | Reached XP level 9. HP: 75/78 MP: 9/11
  3016 | D:8      | Found a staircase to the Lair.
  3024 | D:8      | Reached skill level 9 in Axes
  3077 | D:8      | Noticed Joseph
  3288 | D:8      | Killed Joseph
  3497 | D:8      | Noticed Harold
  3506 | D:8      | Killed Harold
  3506 | D:8      | Reached skill level 10 in Axes
  3506 | D:8      | Reached skill level 5 in Invocations
  3590 | D:8      | Found Bakh's Antique Armour Shoppe.
  4069 | D:9      | Reached XP level 10. HP: 88/88 MP: 12/12
  4462 | D:9      | Reached skill level 12 in Axes
  4462 | D:9      | Reached XP level 11. HP: 97/97 MP: 13/15
  4490 | D:9      | Got a distressingly furry robe
  4504 | D:9      | Noticed a two-headed ogre
  4514 | D:9      | Killed a two-headed ogre
  4816 | D:9      | Reached *** piety under Makhleb
  4976 | D:10     | Entered Level 10 of the Dungeon
  5005 | D:10     | Found Ydigutt's General Store.
  5008 | D:10     | Found Xuff's Magic Scroll Shop.
  5116 | D:10     | Noticed Erica
  5131 | D:10     | Killed Erica
  5132 | D:10     | Noticed Psyche
  5144 | D:10     | Killed Psyche
  5395 | D:10     | Found Fiho Qos's Armour Boutique.
  5406 | D:10     | Noticed Josephine
  5421 | D:10     | Killed Josephine
  5430 | D:10     | Reached skill level 10 in Armour
  5764 | D:10     | Reached skill level 10 in Fighting
  5766 | D:10     | Reached skill level 13 in Axes
  5769 | D:10     | Reached skill level 10 in Shields
  5904 | D:8      | Bought a polished chain mail for 266 gold pieces
  5914 | D:8      | Identified the +6 chain mail of the Ten Spreadsheets {rF- rCorr Str+2 SInv} (You bought it in a shop on level 8 of the Dungeon)
  5969 | Lair:1   | Entered Level 1 of the Lair of Beasts
  6174 | Lair:2   | Found a staircase to the Shoals.
  6213 | Lair:2   | Reached XP level 12. HP: 106/106 MP: 16/16
  6349 | Lair:2   | Reached **** piety under Makhleb
  6564 | Lair:2   | Found a staircase to the Snake Pit.
  6911 | D:10     | Bought a +0 pair of gloves of dexterity for 126 gold pieces
  6960 | D:11     | Noticed a seven-headed hydra
  7021 | D:10     | Killed a seven-headed hydra
  7226 | D:11     | Reached skill level 14 in Axes
  7389 | D:11     | Found a staircase to the Orcish Mines.
  7913 | Orc:1    | Entered Level 1 of the Orcish Mines
  8065 | Orc:1    | Reached ***** piety under Makhleb
  8313 | D:10     | Bought a scroll of enchant weapon for 97 gold pieces
  8313 | D:10     | Bought a scroll of blinking for 97 gold pieces
  8313 | D:10     | Bought a scroll of magic mapping for 45 gold pieces
  8313 | D:10     | Bought a scroll of enchant armour for 97 gold pieces
  8313 | D:10     | Bought a scroll of teleportation for 39 gold pieces
  8313 | D:10     | Bought a scroll of enchant weapon for 97 gold pieces
  8370 | D:10     | Bought a +0 pair of boots for 49 gold pieces
  8507 | Snake:1  | Entered Level 1 of the Snake Pit
  8509 | Snake:1  | Noticed an anaconda
  8520 | Snake:1  | Killed an anaconda
  8797 | Snake:1  | Reached XP level 13. HP: 116/116 MP: 18/18
  9181 | Snake:1  | Noticed Azrael
  9194 | Snake:1  | Killed Azrael
  9194 | Snake:1  | Reached skill level 15 in Axes
 10259 | Snake:2  | Noticed a nagaraja
 10556 | Snake:3  | HP: 5/118 [poisoned by a naga (splash of poison)]
 10960 | Snake:3  | Noticed a nagaraja
 10986 | Snake:3  | Killed a nagaraja
 10986 | Snake:3  | Reached skill level 16 in Axes
 11023 | Snake:3  | HP: 5/118 [poisoned by a naga ritualist (toxic radiance)]
 11555 | Snake:3  | Reached skill level 10 in Invocations
 11762 | Snake:4  | Entered Level 4 of the Snake Pit
 11769 | Snake:4  | Reached XP level 14. HP: 76/127 MP: 20/20
 11817 | Snake:4  | Noticed a nagaraja
 11817 | Snake:4  | Noticed a nagaraja
 11819 | Snake:4  | Noticed a nagaraja
 11822 | Snake:4  | Noticed a nagaraja
 11844 | Snake:4  | Killed from afar by a nagaraja

Skill      XL: |  1  2  3  4  5  6  7  8  9 10 11 12 13 |
---------------+----------------------------------------+-----
Axes           | 3 4 5 7 8 10 12 13 14 16 | 16.0
Fighting       | 4 5 6 7 9 10 11 12 | 12.5
Armour         | 4 5 6 7 9 10 11 12 | 12.6
Shields        | 4 5 6 7 9 10 11 12 | 12.5
Invocations    | 1 2 3 4 5 6 7 9 10 | 10.2
Evocations     | 1 2 3 |  3.0

Action                   |  1- 3 |  4- 6 |  7- 9 | 10-12 | 13-15 || total
-------------------------+-------+-------+-------+-------+-------++-------
Melee: War axe           |   110 |    39 |    32 |   408 |   194 ||   783
       Headbutt          |     9 |    13 |    34 |    91 |    54 ||   201
       Hand axe          |       |    37 |   143 |       |       ||   180
       Flail             |       |       |       |     5 |       ||     5
  Use: Scroll            |       |     9 |     9 |     7 |     4 ||    29
       Potion            |       |     1 |       |     2 |     2 ||     5
  Eat: Chunk             |     1 |     2 |     7 |    15 |       ||    25
       Ration            |       |       |       |       |     3 ||     3
Armor: Scale mail        |    40 |    22 |    36 |    52 |       ||   150
       Chain mail        |       |       |       |   113 |    93 ||   206
Dodge: Dodged            |    29 |    21 |    45 |    83 |    46 ||   224
Block: Shield            |    47 |    31 |    78 |   362 |   253 ||   771
       Reflection        |       |       |       |    15 |    39 ||    54

Vault maps used:
D:1:      dpeg_arrival_oval, minmay_pentomino_w2
D:3:      serial_co_window_serial, co_window_paths_b, co_window_corner_a,
          co_window_corner_a, co_window_corner_a, co_window_paths_b,
          co_window_broadway_c, co_window_broadway_b, co_window_2corner,
          co_window_2corner, co_window_corner_cb, co_window_unsneaky_path_d,
          co_window_corner_cb, glass_columns_b, glass_columns_a,
          glass_columns_c, glass_columns_a, glass_columns_c, first_ration,
          kb_xom_exploding_sheep
D:4:      kennysheep_mini, minmay_temple_entry_statues_pillars
D:5:      minmay_opposing_rooms, serial_shops, shop, uniq_grinder
D:6:      minitemple
D:7:      overflow_temple_1_default, ebering_ghost_gozag
D:8:      david_lair_generic, serial_shops, nicolae_shop_trees, uniq_joseph,
          uniq_maurice, uniq_harold
D:9:      blue_anna_alchemist
D:10:     serial_shops, shop, kennysheep_little_box, shop, uniq_psyche,
          uniq_erica, uniq_josephine
D:11:     orc_0_dummy
Temple:   eino_narrow_crystal_temple
Lair:1:   serial_bayou_shore_b, serial_bayou_shore_b
Lair:2:   minmay_shoals_entry_hut, dummy_snake_entry,
          nicolae_quartered_pool_super
Snake:1:  uniq_azrael
Snake:2:  ebering_ghost_disaster_area, uniq_roxanne
Snake:3:  basic_altar, spider_trap, st_stairs_1, nrook_guardian_serpent_double,
          grunt_megastairs_2
Snake:4:  grunt_snake_rune_spirals, grunt_ministairs_1, lightli_airlock,
          serial_bayou_shore_b
